 Dungeon Crawl Stone Soup version 0.23-a0-356-g1757c6e (webtiles) character file.

64 MisterFreud the Sneak (level 3, -1/15 HPs)
             Began as a Felid Artificer on Oct 21, 2018.
             Slain by an adder (3 damage)
             ... on level 2 of the Dungeon.
             The game lasted 00:02:11 (1185 turns).

MisterFreud the Sneak (Felid Artificer)             Turns: 1185, Time: 00:02:12

Health: -1/15      AC:  1    Str: 14    XL:     3   Next: 91%
Magic:  6/6        EV: 18    Int: 12    God:
Gold:   101        SH:  0    Dex: 16    Spells: 2/2 levels left
                                        Lives:  0   Deaths: 0

rFire    . . .     SeeInvis +     - Unarmed
rCold    . . .     Gourm    .   (shield unavailable)
rNeg     . . .     Faith    .   (armour unavailable)
rPois    .         Spirit   .   (helmet unavailable)
rElec    .         Reflect  .   (cloak unavailable)
rCorr    .         Harm     .   (gloves unavailable)
MR       .....                  (boots unavailable)
Stlth    ++++......             (no amulet)
HPRegen  0.05/turn              (no ring)
MPRegen  0.10/turn              (no ring)

@: mighty, lethally poisoned (-1 -> -5), quick
A: very small, no armour, no weapons or thrown items, stealth, claws 1, fangs 3,
see invisible, carnivore, speed 1, shaggy fur 1, slow metabolism 1, sharp paws
a: no special abilities


You were on level 2 of the Dungeon.
You were completely stuffed.

You visited 1 branch of the dungeon, and saw 2 of its levels.

You collected 101 gold pieces.

Inventory:

Wands
 a - a wand of flame (8)
 b - a wand of enslavement (15)
 c - a wand of random effects (51)
Scrolls
 e - 2 scrolls of identify {unknown}
 h - a scroll of noise {unknown}
Potions
 f - a potion of might
Comestibles
 d - 2 rations
 g - 3 chunks of flesh


   Skills:
 - Level 1.0 Fighting
 - Level 2.6 Dodging
 + Level 5.6 Stealth
 - Level 1.0 Unarmed Combat
 - Level 3.2 Evocations


You had 2 spell levels left.
You didn't know any spells.
Your spell library was empty.

Dungeon Overview and Level Annotations

Branches:
Dungeon (2/15)

Altars:


Innate Abilities, Weirdness & Mutations

You cannot wear armour.
You are incapable of wielding weapons or throwing items.
Your paws allow you to move quietly. (Stealth)
You have sharp claws.
You have razor-sharp teeth.
You have supernaturally acute eyesight. (SInv)
You are carnivorous and can eat meat at any time.
You cover ground quickly.
You are covered in fur. (AC +1)
You have a slow metabolism.
Your sharp claws are effective at attacking unaware monsters.


Message History

The adder poisons you!
Evoke which item? (* to show all) (? for menu, Esc to quit)
Aiming: Throw Flame
Press: ? - help, Shift-Dir - straight line, f - adder
Aim: an adder The puff of flame misses the adder.
* * * LOW HITPOINT WARNING * * *
You feel sick. The adder completely misses you.
It was a potion of might.
You feel very mighty all of a sudden.
* * * LOW HITPOINT WARNING * * *
You feel sick. The adder completely misses you.
Evoke which item? (* to show all) (? for menu, Esc to quit)
Aiming: Throw Flame
Press: ? - help, Shift-Dir - straight line, f/p - adder
Aim: an adder
Okay, then.
You closely miss the adder. The adder misses you.
You barely miss the adder. The adder barely misses you. The adder bites you.
You die...

### ..# #.# #.#
#.# #
#######.####.#
#........@S..#
.##.##.##g##.....
##.##.##.# ...
#....[##.. .
##..#####...
#...#####.#..
#.........#...
#...#####.#..). #
#.......<.#


You could see an adder and a goblin.

Vanquished Creatures
  Jessica (D:2)
  An adder (D:2)
  2 dart slugs (D:1)
  2 giant cockroaches (D:1)
  6 goblins
  A hobgoblin (D:1)
  3 jackals (D:1)
  2 bats (D:1)
  2 frilled lizards (D:1)
  2 kobolds (D:1)
  5 rats
27 creatures vanquished.

Notes
Turn   | Place    | Note
-------+----------+-------------------------------------------
     0 | D:1      | MisterFreud the Felid Artificer began the quest for the
                  | Orb.
     0 | D:1      | Reached XP level 1. HP: 9/9 MP: 4/4
    61 | D:1      | Reached skill level 2 in Stealth
   102 | D:1      | Reached skill level 3 in Stealth
   110 | D:1      | Reached XP level 2. HP: 6/12 MP: 5/5
   588 | D:1      | Reached skill level 4 in Stealth
  1097 | D:2      | Noticed Jessica
  1104 | D:2      | Reached XP level 3. HP: 15/15 MP: 6/6
  1138 | D:2      | Killed Jessica
  1138 | D:2      | Reached skill level 5 in Stealth
  1185 | D:2      | Slain by an adder

Vault maps used:
D:1:      nicolae_arrival_memento_mori
D:2:      grunt_temple_overflow_diamond, minitemple, first_ration, uniq_terence,
          uniq_jessica

Skill      XL: |  1  2  3 |
---------------+----------+-----
Stealth        | 3 4 5 |  5.6
Fighting       | |  1.0
Dodging        | |  2.6
Unarmed Combat | |  1.0
Evocations     | |  3.2

Action                   || total
-------------------------++-------
Melee: Unarmed           ||    73
       Bite              ||     6
       Punch             ||     1
Evoke: Wand              ||     8
  Use: Potion            ||     1
 Stab: Sleeping          ||     4
       Distracted        ||     1
  Eat: Chunk             ||     8
Armor: Skin              ||     9
Dodge: Dodged            ||    62

Table legend:
 A = Non-vault XP
 B = Vault XP
 C = Vault XP percentage of total XP
 D = Non-vault monster count
 E = Vault monster count
 F = Vault count percentage of total count
                 A         B        C        D         E       F
            +---------+---------+-------+---------+---------+-------
      Total |      55 |      37 |  40.2 |      26 |       1 |   3.7
            +---------+---------+-------+---------+---------+-------
        D:1 |      39 |       0 |   0.0 |      22 |       0 |   0.0
        D:2 |      16 |      37 |  69.8 |       4 |       1 |  20.0
            +---------+---------+-------+---------+---------+-------
